 Dungeon Crawl Stone Soup version 0.22-a0-3-g4fa69d9 (webtiles) character file.

79 FRamirez the Skirmisher (level 4, 0/37 HPs)
             Began as a Demonspawn Abyssal Knight on Jan 2, 2018.
             Was a Follower of Lugonu.
             Slain by an orc
             ... wielding a +0 hand axe
              (4 damage)
             ... on level 2 of the Dungeon.
             The game lasted 00:06:26 (1004 turns).

FRamirez the Skirmisher (Demonspawn Abyssal Knight) Turns: 1004, Time: 00:06:27

Health: 0/37       AC:  5    Str: 13    XL:     4   Next: 17%
Magic:  5/5        EV: 11    Int: 14    God:    Lugonu [*.....]
Gold:   9          SH:  0    Dex: 12    Spells: 3/3 levels left

rFire    . . .     SeeInvis .   a - +1 falchion
rCold    . . .     Gourm    .   (no shield)
rNeg     . . .     Faith    .   b - +0 leather armour
rPois    .         Spirit   .   (helmet restricted)
rElec    .         Reflect  .   (no cloak)
rCorr    .         Harm     .   (no gloves)
MR       .....                  (no boots)
Stlth    +.........             (no amulet)
HPRegen  0.12/turn              g - +2 ring of slaying
MPRegen  0.09/turn              (no ring)

@: no status effects
A: antennae 1, iridescent scales 1, powered by pain 1
a: Depart the Abyss, Renounce Religion


You were on level 2 of the Dungeon.
You worshipped Lugonu.
Lugonu was aware of your devotion.
You were not hungry.

You visited 1 branch of the dungeon, and saw 3 of its levels.
You visited the Abyss 1 time.

You collected 9 gold pieces.

Inventory:

Hand Weapons
 a - a +1 falchion (weapon)
Armour
 b - a +0 leather armour (worn)
Jewellery
 g - a +2 ring of slaying (left hand)
Scrolls
 d - a scroll of teleportation {unknown}
Potions
 e - a potion of resistance {unknown}
 f - 2 potions of curing {unknown}
Comestibles
 c - 4 rations


   Skills:
 + Level 3.9 Fighting
 + Level 2.7 Long Blades
 + Level 2.2 Armour
 + Level 1.1 Dodging
 + Level 0.1 Stealth
 + Level 2.5 Invocations


You had 3 spell levels left.
You didn't know any spells.

Dungeon Overview and Level Annotations

Branches:
Dungeon (3/15)

Altars:
Kikubaaqudgha
Makhleb
Nemelex Xobeh
Qazlal
Sif Muna

Annotations:
D:2 Robin


Innate Abilities, Weirdness & Mutations

You have a pair of small antennae on your head.
You are partially covered in iridescent scales. (AC +2)
You sometimes gain a little power by taking damage.


Message History

a club; an inky potion; an orc corpse The orc hits you with a hand axe.
* * * LOW HITPOINT WARNING * * *
The orc hits you with a hand axe.
* * * LOW HITPOINT WARNING * * *
The orc hits you with a hand axe.
* * * LOW HITPOINT WARNING * * *
There is a stone staircase leading up here.
You can't go down here!
The orc barely misses you.
You riposte.
You completely miss the orc.
The orc is severely wounded.
The frilled lizard barely misses you.
You riposte.
You closely miss the frilled lizard. The orc completely misses you.
You climb upwards.
Level annotation: Robin
There is a stone staircase leading down here.
The frilled lizard bites you.
* * * LOW HITPOINT WARNING * * *
The orc hits you with a hand axe.
You die...

.....#
#....###
#.#....
#.#...
#....
#..#
#ol#
##o# #@#
#.# #.#
#.# #.#
#.# #.#
#.#


You could see 2 orcs and a frilled lizard.

Vanquished Creatures
  Jessica (D:2)
  3 oozes (D:1)
  A leopard gecko (D:1)
  2 orcs (D:3)
  5 bats (D:1)
  2 giant cockroaches (D:1)
  3 hobgoblins (D:1)
  5 jackals (D:1)
  6 kobolds
  2 goblins (D:1)
  9 rats (D:1)
39 creatures vanquished.

Notes
Turn   | Place    | Note
-------+----------+-------------------------------------------
     0 | Abyss:1  | FRamirez the Demonspawn Abyssal Knight began the quest for the Orb.
     0 | Abyss:1  | Reached XP level 1. HP: 18/18 MP: 2/2
     0 | D:1      | Escaped the Abyss
    50 | D:1      | Gained mutation: You sometimes gain a little power by taking damage. [demonic ancestry]
    50 | D:1      | Reached XP level 2. HP: 14/24 MP: 3/3
   254 | D:1      | Reached * piety under Lugonu
   484 | D:1      | Gained mutation: You are partially covered in iridescent scales. (AC +2) [demonic ancestry]
   484 | D:1      | Reached XP level 3. HP: 30/30 MP: 4/4
   805 | D:2      | Noticed Jessica
   811 | D:2      | Killed Jessica
   811 | D:2      | Reached skill level 1 in Dodging
   811 | D:2      | Gained mutation: You have a pair of small antennae on your head. [demonic ancestry]
   811 | D:2      | Reached XP level 4. HP: 20/37 MP: 5/5
   961 | D:2      | Noticed Robin
   986 | D:3      | Found a deep blue altar of Sif Muna.
   986 | D:3      | Found a stormy altar of Qazlal.
   986 | D:3      | Found an ancient bone altar of Kikubaaqudgha.
   988 | D:3      | Found a burning altar of Makhleb.
   988 | D:3      | Found a sparkling altar of Nemelex Xobeh.
  1004 | D:2      | Slain by an orc

Vault maps used:
D:1:      erik_arrival_gehennom
D:2:      minmay_split_cup_large, uniq_sigmund, uniq_robin, uniq_jessica
D:3:      gammafunk_steamed_eel, marbit_many_paths, grunt_temple_overflow_open,
          uniq_ijyb, uniq_natasha, uniq_crazy_yiuf_cottage
Abyss:1:  evilmike_abyss_exit_12

Skill      XL: |  1  2  3 |
---------------+----------+-----
Armour         | 2 |  2.2
Long Blades    | 2 |  2.7
Dodging        | 1 |  1.1
Fighting       | |  3.9
Stealth        | |  0.1
Invocations    | |  2.5

Action                   |  1- 3 |  4- 6 || total
-------------------------+-------+-------++-------
Melee: Falchion          |    68 |    10 ||    78
Invok: Depart the Abyss  |     1 |       ||     1
Armor: Leather armour    |    27 |     4 ||    31
Dodge: Dodged            |    55 |    20 ||    75
       Rpst.: Falchion   |    15 |     9 ||    24

Table legend:
 A = Spawn XP
 B = Non-spawn XP
 C = Spawn XP percentage of total XP
 D = Spawn monster count
 E = Non-spawn monster count
 F = Spawn count percentage of total count
 G = Total turns spent on level
                    A         B        C        D         E        F      G
               +---------+---------+-------+---------+---------+-------+---------
         Total |       0 |     114 |   0.0 |       0 |      39 |   0.0 |  1004
               +---------+---------+-------+---------+---------+-------+---------
           D:1 |       0 |      69 |   0.0 |       0 |      35 |   0.0 |   795
           D:2 |       0 |      39 |   0.0 |       0 |       2 |   0.0 |   176
           D:3 |       0 |       6 |   0.0 |       0 |       2 |   0.0 |    33
               +---------+---------+-------+---------+---------+-------+---------
